 Dungeon Sprint DCSS version 0.30-a0-800-g7c544603b3 (webtiles) character file.

Game seed: 9739617825900756058

2840 retardedninja the Severer (level 9, -8/97 HPs)
             Began as a Minotaur Berserker on Feb 21, 2023.
             Was a High Priest of Trog.
             Mangled by a skeletal warrior
             ... wielding a +0 halberd
              (26 damage)
             ... in the Dungeon (Sprint IX: "|||||||||||||||||||||||||||||").
             The game lasted 00:02:39 (666 turns).

retardedninja the Severer (Minotaur Berserker)       Turns: 666, Time: 00:02:40

Health: -8/97      AC: 12    Str: 26    XL:     9   Next: 46%
Magic:  8/8        EV: 15    Int:  4    God:    Trog [*****.]
Gold:   0          SH:  0    Dex: 13    Spells: 8/8 levels left

rFire   . . .      SeeInvis .    j - +1 broad axe (heavy)
rCold   . . .      Faith    .    (no shield)
rNeg    . . .      Spirit   .    l - +2 ring mail
rPois   .          Reflect  .    (helmet restricted)
rElec   .          Harm     .    (no cloak)
rCorr   .          Rampage  .    k - +0 pair of gloves
Will    ++...      NoTele   +    (no boots)
Stlth   ++                       (no amulet)
HPRegen 1.36/turn                n - +3 ring of dexterity
MPRegen 0.11/turn                m - +2 ring of protection

@: strong-willed, on berserk cooldown, regenerating, slowed, very slow
A: horns 2, retaliatory headbutt
a: Renounce Religion, Berserk, Trog's Hand, Brothers in Arms


You were in the Dungeon.
You worshipped Trog.
Trog was extremely pleased with you.
You visited 1 branch

Inventory:

Hand Weapons
 a - a +0 hand axe
 j - a +1 heavy broad axe (weapon)
Armour
 b - a +0 animal skin
 e - a +0 plate armour
 k - a +0 pair of gloves (worn)
 l - a +2 ring mail (worn)
Jewellery
 m - a +2 ring of protection (right hand)
 n - a +3 ring of dexterity (left hand)
Wands
 i - a wand of acid (7)
Scrolls
 h - a scroll of blinking
Potions
 c - 5 potions of curing
 d - a potion of heal wounds
 f - 4 potions of magic


   Skills:
 + Level 15.1 Fighting
 + Level 16.8 Axes
 + Level 9.5 Armour
 + Level 8.7 Dodging
 + Level 3.2 Stealth
 + Level 1.6 Evocations


You had 8 spell levels left.
You didn't know any spells.
Your spell library was empty.

Dungeon Overview and Level Annotations

Branches:
Dungeon (1/1)

Altars:
Cheibriados
Dithmenos
Elyvilon
Fedhas
Gozag
Hepliaklqana
Kikubaaqudgha
Makhleb
Nemelex Xobeh
Okawaru
Qazlal
Ru
Sif Muna
Trog
Uskayaw
Vehumet
Wu Jian
Xom
Yredelemnul
Zin
The Shining One
Jiyva
Lugonu


Innate Abilities, Weirdness & Mutations

You have a pair of horns on your head.
You reflexively headbutt those who attack you in melee.


Message History

The skeletal warrior hits you from afar with a +0 halberd.
You are engulfed in calcifying dust.
You are no longer berserk.
You feel yourself slow down.
The skeletal warrior hits you from afar with a +0 halberd!!
The skeletal warrior hits you from afar with a +0 halberd!
* * * LOW HITPOINT WARNING * * *
The skeletal warrior hits you but does no damage.
The skeletal warrior hits you from afar with a +0 halberd!!
* * * LOW HITPOINT WARNING * * *
You feel the effects of Trog's Hand fading.
The skeletal warrior hits you from afar with a +0 halberd!
* * * LOW HITPOINT WARNING * * *
The skeletal warrior hits you from afar with a +0 halberd!
* * * LOW HITPOINT WARNING * * *
The skeletal warrior hits you but does no damage.
You turn to flesh and can move again.
Unknown command.
You feel much better.
The skeletal warrior hits you from afar with a +0 halberd!
* * * LOW HITPOINT WARNING * * *
The skeletal warrior misses you.
Blink to where?
Press: ? - help, Q - select action, (/) - cycle Dir - move target, p - six-headed hydra
As you read the scroll of blinking, it crumbles to dust.
e - a +0 plate armour Your skin stops crawling.
You feel less strong-willed.
Aiming: Corrosive Bolt
Press: ? - help, Q - select action, (/) - cycle Shift-Dir - straight line, f - skeletal warrior
Aim: a skeletal warrior, wielding a +0 halberd (71% to hit)
Okay, then.
You feel much better.
The skeletal warrior hits you from afar with a +0 halberd!!
* * * LOW HITPOINT WARNING * * *
There is an open door to the Dungeon, spattered with blood here.
Items here: ))) ÷.
Your skin crawls.
You feel strong-willed.
The skeletal warrior hits you from afar with a +0 halberd!!
You die... ▓▓▓▓▓▓▓▓▓▓▓▓▓▓▓▓▓▓▓▓▓▓▓▓▓▓▓▓▓▓ ______'.?).[....@÷zDc).'.Dc... ▓▓▓▓▓▓▓▓▓▓▓▓▓▓▓▓▓▓▓▓▓▓▓▓▓▓▓▓▓▓

You could see a six-headed hydra, a skeletal warrior and a centaur warrior.

Vanquished Creatures
  A catoblepas (D)
  A two-headed ogre (D)
  A deep elf pyromancer (D)
  An ugly thing (D)
  An unseen horror (D)
  A yak (D)
  An acid dragon (D)
  An orc warrior (D)
  A black bear (D)
  2 scorpions (D)
  A killer bee (D)
  An adder (D)
  An ufetubus (D)
  A goblin (D)
  A ball python (D)
  2 bats (D)
  A kobold (D)
19 creatures vanquished.

Notes
Turn   | Place    | Note
-------+----------+-------------------------------------------
     0 | D        | retardedninja the Minotaur Berserker began the quest for
                  | the Orb.
     0 | D        | Reached XP level 1. HP: 19/19 MP: 0/0
     7 | D        | Reached skill level 4 in Axes
     7 | D        | Reached ** piety under Trog
   138 | D        | Noticed a scorpion
   138 | D        | Noticed a scorpion
   138 | D        | Noticed a black bear
   145 | D        | Reached skill level 5 in Fighting
   145 | D        | Reached skill level 5 in Axes
   145 | D        | Reached XP level 2. HP: 29/29 MP: 1/1
   146 | D        | Killed a scorpion
   146 | D        | Reached *** piety under Trog
   147 | D        | Reached skill level 7 in Axes
   147 | D        | Reached XP level 3. HP: 38/38 MP: 2/2
   147 | D        | Reached XP level 4. HP: 45/45 MP: 3/3
   150 | D        | Killed a scorpion
   151 | D        | Reached skill level 8 in Axes
   155 | D        | Killed a black bear
   156 | D        | Reached skill level 9 in Axes
   156 | D        | Reached XP level 5. HP: 57/57 MP: 4/4
   156 | D        | Reached **** piety under Trog
   163 | D        | Found a snail-covered altar of Cheibriados.
   163 | D        | Found a shadowy altar of Dithmenos.
   163 | D        | Found a white marble altar of Elyvilon.
   163 | D        | Found a blossoming altar of Fedhas.
   163 | D        | Found an opulent altar of Gozag.
   164 | D        | Found a hazy altar of Hepliaklqana.
   165 | D        | Found a viscous altar of Jiyva.
   166 | D        | Found an ancient bone altar of Kikubaaqudgha.
   167 | D        | Found a corrupted altar of Lugonu.
   168 | D        | Found a burning altar of Makhleb.
   169 | D        | Found a sparkling altar of Nemelex Xobeh.
   170 | D        | Found an iron altar of Okawaru.
   171 | D        | Found a stormy altar of Qazlal.
   172 | D        | Found a sacrificial altar of Ru.
   173 | D        | Found a shimmering blue altar of Sif Muna.
   174 | D        | Found a bloodstained altar of Trog.
   175 | D        | Found a hide-covered altar of Uskayaw.
   176 | D        | Found a radiant altar of Vehumet.
   177 | D        | Found an ornate altar of the Wu Jian Council.
   178 | D        | Found a shimmering altar of Xom.
   179 | D        | Found a basalt altar of Yredelemnul.
   180 | D        | Found a glowing silver altar of Zin.
   181 | D        | Found a glowing golden altar of the Shining One.
   227 | D        | Noticed a two-headed ogre
   227 | D        | Noticed an orc warrior
   227 | D        | Noticed a yak
   227 | D        | Noticed an acid dragon
   240 | D        | Killed an unseen horror
   241 | D        | Reached skill level 11 in Axes
   241 | D        | Reached XP level 6. HP: 35/68 MP: 5/5
   242 | D        | Killed a two-headed ogre
   243 | D        | Reached skill level 13 in Axes
   243 | D        | Reached skill level 1 in Stealth
   243 | D        | Reached XP level 7. HP: 25/78 MP: 6/6
   243 | D        | Reached XP level 8. HP: 27/85 MP: 7/7
   245 | D        | Reached skill level 14 in Axes
   248 | D        | Reached ***** piety under Trog
   251 | D        | Reached skill level 1 in Evocations
   632 | D        | Noticed a deep elf pyromancer
   632 | D        | Noticed a green ugly thing
   632 | D        | Noticed a catoblepas
   632 | D        | Noticed a skeletal warrior
   632 | D        | Noticed a six-headed hydra
   632 | D        | Noticed a centaur warrior
   642 | D        | Killed a deep elf pyromancer
   643 | D        | Reached skill level 15 in Axes
   645 | D        | Killed a green ugly thing
   646 | D        | Reached skill level 16 in Axes
   646 | D        | Reached XP level 9. HP: 96/96 MP: 8/8
   650 | D        | Killed a catoblepas
   651 | D        | Reached skill level 15 in Fighting
   666 | D        | Mangled by a skeletal warrior

Illustrated notes

Levels and vault maps discovered:
D:        linesprint [early_d, line_temple, items_1, d_10, items_2, lair_1,
          lair_end, items_3, orc_1, orc_end, items_4, d_15, swamp_1, shoals_1,
          snake_1, spider_1, d_20, vaults_1, items_5, swamp_end, shoals_end,
          snake_end, spider_end, vaults_end, d_27, items_6, zot_1, zot_end,
          crypt_end, forest_end, elf_end, slime_end, tomb_end, abyss_end,
          pan_hell_end]

Skill      XL: |  1  2  3  4  5  6  7  8  9 |
---------------+----------------------------+-----
Fighting       | 5 6 9 11 12 14 15 | 15.1
Axes           | 5 7 9 11 13 16 | 16.8
Armour         | 3 4 6 7 9 |  9.5
Dodging        | 3 4 6 7 8 |  8.7
Stealth        | 1 2 3 |  3.2
Evocations     | 1 |  1.6

Action                     |  1- 3 |  4- 6 |  7- 9 || total
---------------------------+-------+-------+-------++-------
  Melee: Hand axe          |    15 |    12 |       ||    27
         Headbutt          |     4 |     2 |     2 ||     8
         Broad axe         |       |     8 |    17 ||    25
 Invoke: Trog's Hand       |       |       |     2 ||     2
         Berserk           |       |       |     1 ||     1
  Evoke: Wand              |       |     2 |     1 ||     3
    Use: Potion            |     1 |     2 |     2 ||     5
         Scroll            |       |       |     1 ||     1
   Stab: Invisible         |       |     1 |     1 ||     2
 Armour: Animal skin       |     5 |       |       ||     5
         Ring mail         |       |    15 |     8 ||    23
  Dodge: Dodged            |     7 |     7 |     8 ||    22

Table legend: (Time is in decaauts)
 A = Elapsed time spent in this place.
 B = Non-inter-level travel time spent in this place.
 C = Inter-level travel time spent in this place.
 D = Time resting spent in this place.
 E = Time spent auto-exploring this place.
 F = Levels seen in this place.
 G = Mean time per level.
                   A        B        C        D        E       F      G
               +--------+--------+--------+--------+--------+-----+--------+
         Total |    656 |    656 |      0 |    482 |      0 |   1 |  656.0 |
       Dungeon |    656 |    656 |      0 |    482 |      0 |   1 |  656.0 |
               +--------+--------+--------+--------+--------+-----+--------+

Top non-repeatable levels by time:
       D: 656 daAuts
